 Dungeon Crawl Stone Soup version 0.29.1-1-gd02db6906a (webtiles) character file.

Game seed: 3491571845819339573

245 vvl the Stinger (level 5, -11/41 HPs)
             Began as a Draconian Venom Mage on Sept 15, 2022.
             Was an Initiate of the Shining One.
             Mangled by Menkaure (15 damage)
             ... on level 5 of the Dungeon.
             The game lasted 00:07:19 (4395 turns).

vvl the Stinger (Draconian Venom Mage)              Turns: 4395, Time: 00:07:20

Health: -11/41     AC:  5    Str: 10    XL:     5   Next: 83%
Magic:  6/9        EV: 12    Int: 18    God:    the Shining One [......]
Gold:   167        SH:  0    Dex: 11    Spells: 9/10 levels left

rFire   . . .      SeeInvis +   u - +0 flail
rCold   . . .      Faith    .   (no shield)
rNeg    . . .      Spirit   .   (body armour unavailable)
rPois   .          Reflect  .   (helmet restricted)
rElec   .          Harm     .   (no cloak)
rCorr   .          Rampage  .   (no gloves)
Will    .....                   (no boots)
Stlth   +.........              o - amulet of regeneration
HPRegen 0.93/turn               f - ring of see invisible
MPRegen 0.11/turn               w - ring of wizardry

@: glowing
A: AC +5, unfitting armour, cold-blooded
a: Renounce Religion


You were on level 5 of the Dungeon.
You worshipped the Shining One.
The Shining One was noncommittal.
You visited 2 branches of the dungeon, and saw 6 of its levels.

You collected 167 gold pieces.

Inventory:

Hand Weapons
 u - a +0 flail (weapon)
Jewellery
 f - a ring of see invisible (left hand)
 o - an amulet of regeneration (around neck)
 w - a ring of wizardry (right hand)
Wands
 i - a wand of flame (16)
Scrolls
 b - 4 scrolls of identify {unknown}
 c - 3 scrolls of brand weapon {unknown}
 e - 4 scrolls of teleportation {unknown}
 g - a scroll of magic mapping {unknown}
 j - 3 scrolls of vulnerability {unknown}
 l - a scroll of enchant weapon {unknown}
 n - a scroll of enchant armour {unknown}
 q - a scroll of immolation {unknown}
 r - a scroll of torment {unknown}
 t - 3 scrolls of blinking {unknown}
 v - a scroll of amnesia {unknown}
Potions
 a - a potion of magic
 d - a potion of heal wounds {unknown}
 h - a potion of might {unknown}
 k - a potion of resistance {unknown}
 m - a potion of brilliance {unknown}
 p - a potion of invisibility {unknown}
 s - a potion of cancellation {unknown}
 x - 2 potions of mutation {unknown}


   Skills:
 + Level 2.2 Fighting
 + Level 2.6 Dodging
 - Level 2.0 Stealth
 + Level 3.0 Spellcasting
 + Level 1.8 Conjurations
 + Level 2.6 Transmutations
 + Level 3.7 Poison Magic


You had 9 spell levels left.
You knew the following spells:

 Your Spells              Type           Power      Damage    Failure   Level
a - Sting                 Tmut/Pois      56%        1d5       1%          1

Your spell library contained the following spells:

 Spells                   Type           Power      Damage    Failure   Level
 Magic Dart               Conj           36%        1d4       3%          1
 Poisonous Vapours        Pois/Air       18%        N/A       4%          2
 Spider Form              Tmut/Pois      14%        N/A       5%          3
 Mephitic Cloud           Conj/Pois/Air  9%         N/A       9%          3
 Call Imp                 Summ           2%         N/A       10%         2
 Ensorcelled Hibernation  Hex/Ice        4%         N/A       10%         2
 Olgreb's Toxic Radiance  Pois           16%        N/A       14%         4
 Tukima's Dance           Hex            2%         N/A       19%         3
 Anguish                  Hex/Necr       1%         N/A       52%         4
 Passage of Golubria      Tloc           2%         N/A       52%         4
 Yara's Violent Unravell  Hex/Tmut       3%         3d4       69%         5


Dungeon Overview and Level Annotations

Branches:
Dungeon (5/15)             Temple (1/1) D:4

Altars:
Ashenzari
Dithmenos
Elyvilon
Fedhas
Kikubaaqudgha
Makhleb
Nemelex Xobeh
Okawaru
Qazlal
Ru
Sif Muna
Uskayaw
Vehumet
Xom
Yredelemnul
The Shining One

Annotations:
D:5 Menkaure


Innate Abilities, Weirdness & Mutations

Your plain brown scales are hard. (AC +5)
You cannot fit into any form of body armour.
You are cold-blooded and may be slowed by cold attacks.


Message History

The adder closely misses you.
The sting hits the adder.
The adder looks even sicker.
The adder is almost dead.
The adder bites you.
You are poisoned.
The adder poisons you!
The sting hits the adder.
The adder looks as sick as possible!
You kill the adder!
You feel sick.
Menkaure gestures at you while chanting.
Pain shoots through your body!
Your Spellcasting skill increases to level 3!
You can't see any susceptible monsters within range! (Use Z to cast anyway.)
You feel sick.
You feel sick.
You completely miss Menkaure. You tail-slap Menkaure.
Menkaure is lightly damaged.
You feel sick. Menkaure hits you!!
Ouch! That really hurt!
You are too injured to fight recklessly!
You are too injured to fight recklessly!
You are too injured to fight recklessly!
You are too injured to fight recklessly!
You are too injured to fight recklessly!
You barely miss Menkaure. You tail-slap Menkaure.
Menkaure is lightly damaged.
You feel sick.
You are no longer poisoned.
Menkaure gestures wildly while chanting.
Menkaure seems to speed up.
You barely miss Menkaure. You tail-slap Menkaure.
Menkaure is lightly damaged.
Menkaure barely misses you.
Menkaure blazes with dark energy!
Menkaure hits you!
* * * LOW HITPOINT WARNING * * *
You hit Menkaure.
Menkaure is lightly damaged.
Menkaure closely misses you. Menkaure hits you!
You die...

#.......#
#.......##
#........#
#........#
#........#
#<.......#
..##..†....#
...........#
.#)....@..##
#.....M..#
#........#
#.....:..#
#........#
#........#
##########


You could see Menkaure (fast).

Vanquished Creatures
  A scorpion (D:4)
  The ghost of GigaChad the Magician, a weakling DECj (D:3)
  8 adders
  A dart slug (D:3)
  6 orcs (D:4)
  7 bats
  7 endoplasms
  2 giant cockroaches (D:4)
  11 goblins
  3 hobgoblins
  2 jackals (D:3)
  6 kobolds
  A quokka (D:3)
  9 ball pythons
  A frilled lizard (D:3)
  8 rats
74 creatures vanquished.

Vanquished Creatures (others)
  10 plants (D:3)
10 creatures vanquished.

Grand Total: 84 creatures vanquished

Notes
Turn   | Place    | Note
-------+----------+-------------------------------------------
     0 | D:1      | vvl the Draconian Venom Mage began the quest for the Orb.
     0 | D:1      | Reached XP level 1. HP: 14/14 MP: 3/3
   412 | D:1      | Reached XP level 2. HP: 22/22 MP: 3/5
  1365 | D:2      | Found a faded altar of an unknown god.
  1371 | D:2      | Reached XP level 3. HP: 27/27 MP: 4/6
  1531 | D:2      | Found a shimmering blue altar of Sif Muna.
  1878 | D:3      | Reached skill level 1 in Fighting
  1916 | D:3      | Found a white marble altar of Elyvilon.
  2264 | D:3      | Reached skill level 1 in Conjurations
  2344 | D:3      | Reached XP level 4. HP: 35/35 MP: 2/7
  2544 | D:3      | Found a sparkling altar of Nemelex Xobeh.
  2757 | D:3      | Found a runed translucent door.
  2763 | D:3      | Noticed GigaChad's ghost (weakling DECj)
  3098 | D:4      | Found a sacrificial altar of Ru.
  3208 | D:4      | Found a staircase to the Ecumenical Temple.
  3248 | Temple   | Entered the Ecumenical Temple
  3540 | Temple   | Became a worshipper of the Shining One
  3722 | D:3      | Killed GigaChad's ghost
  3723 | D:3      | Reached XP level 5. HP: 15/41 MP: 7/9
  3902 | D:4      | HP: 1/41 [orc/+0 hand axe (6)]
  4031 | D:4      | Found a radiant altar of Vehumet.
  4374 | D:5      | Entered Level 5 of the Dungeon
  4385 | D:5      | Noticed Menkaure
  4395 | D:5      | Mangled by Menkaure

Illustrated notes

Levels and vault maps discovered:
D:1:      lemuel_arrival_muddy, layout_basic, patterned_corridor
D:2:      layout_rooms, shapermc_ecumenical_altar_notcrosses, basic_altar,
          chequers_serial_rivers_small_b
D:3:      layout_loops_ring, lemuel_crystal_altar,
          mainiacjoe_overflow_cross_hatched, ebering_ghost_reflecting_pool,
          minmay_cupped
D:4:      layout_basic, mainiacjoe_overflow_concentric_impassable,
          nicolae_ru_awakened_eye, minmay_temple_entry_waves,
          nicolae_concentric_dashed_squares_wild
D:5:      layout_basic, lemuel_doored_altar, uniq_menkaure
Temple:   grunt_temple_mini_profane

Skill      XL: |  1  2  3  4  5 |
---------------+----------------+-----
Dodging        | 2 |  2.6
Stealth        | 2 |  2.0
Fighting       | 1 2 |  2.2
Conjurations   | 1 |  1.8
Transmutations | 2 |  2.6
Spellcasting   | 3 |  3.0
Poison Magic   | |  3.7

Action                   |  1- 3 |  4- 6 || total
-------------------------+-------+-------++-------
Melee: Unarmed           |    23 |    12 ||    35
       Tailslap          |     7 |     6 ||    13
       Flail             |       |    19 ||    19
 Cast: Sting             |    81 |    70 ||   151
  Use: Potion            |     1 |     1 ||     2
Armor: Skin              |    30 |    27 ||    57
Dodge: Dodged            |    46 |    33 ||    79
